 Dungeon Crawl Stone Soup version 0.27-a0-77-gd04b7445b5 (webtiles) character file.

Game seed: 4286447239659872396

4719 gruber the Blocker (level 10, -7/51 HPs)
             Began as a Vine Stalker Fighter on Jan 13, 2021.
             Was an Initiate of Gozag.
             Killed by divine providence
             ... invoked by an orc priest
              (11 damage)
             ... on level 8 of the Dungeon.
             The game lasted 00:12:16 (7862 turns).

gruber the Blocker (Vine Stalker Fighter)           Turns: 7862, Time: 00:12:17

Health: -7/51      AC: 13    Str: 27    XL:     10   Next: 45%
Magic:  0/11       EV: 10    Int:  8    God:    Gozag
Gold:   202        SH: 12    Dex: 15    Spells: 9/9 levels left

rFire    + . .     SeeInvis .   L - +0 falchion (vorpal)
rCold    + + +     Faith    .   c - +0 kite shield
rNeg     . . .     Spirit   +   D - +2 chain mail {rC+}
rPois    .         Reflect  .   (no helmet)
rElec    .         Harm     .   a - scarf {rC+ rF+}
rCorr    .         Rampage  .   (no gloves)
Will     +....                  B - +0 pair of boots
Stlth    ..........             N - amulet of the acrobat
HPRegen  0.57/turn              H - +6 ring of strength
MPRegen  0.12/turn              C - ring of protection from cold

@: gold aura, hasted, very quick
A: fangs 3, regeneration 1, magic shield, antimagic bite, no potion heal 3
a: Renounce Religion, Potion Petition, Call Merchant, Bribe Branch


You were on level 8 of the Dungeon.
You worshipped Gozag.
Gozag was aware of your devotion.
You visited 2 branches of the dungeon, and saw 9 of its levels.
You also visited: Ossuary.

You collected 1058 gold pieces.
You paid 856 gold pieces to Gozag.

Inventory:

Hand Weapons
 v - a +2 dagger of electrocution
 L - a +0 vorpal falchion (weapon)
Missiles
 z - 18 poisoned darts (quivered)
Armour
 a - a scarf of resistance (worn)
 c - a +0 kite shield (worn)
 B - a +0 pair of boots (worn)
 D - a +2 chain mail of cold resistance (worn)
Jewellery
 o - an uncursed ring of see invisible
 C - a ring of protection from cold (right hand)
 H - a +6 ring of strength (left hand)
 N - an amulet of the acrobat (around neck)
Wands
 b - a wand of polymorph (10)
 k - a wand of iceblast (10)
 t - a wand of random effects (17)
 y - a wand of flame (18)
 K - a wand of paralysis (7)
Scrolls
 e - 3 scrolls of amnesia
 h - 2 scrolls of fear {unknown}
 i - 4 scrolls of teleportation
 j - 5 scrolls of fog
 l - a scroll of noise {unknown}
 m - 2 scrolls of magic mapping {unknown}
 p - 3 scrolls of immolation {unknown}
 q - 7 scrolls of identify {unknown}
 u - 4 scrolls of remove curse
 x - a scroll of enchant armour {unknown}
 A - 3 scrolls of blinking {unknown}
 E - a scroll of enchant weapon {unknown}
Potions
 d - 3 potions of brilliance {unknown}
 f - 2 potions of resistance {unknown}
 g - 8 potions of curing {unknown}
 n - 3 potions of haste {unknown}
 r - 3 potions of degeneration {unknown}
 s - 3 potions of might
 w - 2 potions of flight
 F - 2 potions of berserk rage {unknown}
 G - a potion of ambrosia {unknown}
 I - 3 potions of magic {unknown}
 J - a potion of mutation {unknown}
 M - a potion of cancellation {unknown}


   Skills:
 * Level 5.5 Fighting
 - Level 7.1 Long Blades
 - Level 5.0 Armour
 - Level 5.6 Dodging
 - Level 8.0 Shields


You had 9 spell levels left.
You didn't know any spells.
Your spell library contained the following spells:

 Spells                   Type           Power        Failure   Level
 Apportation              Tloc           0%           99%         1
 Shock                    Conj/Air       0%           99%         1
 Swiftness                Air            0%           100%        2
 Static Discharge         Conj/Air       0%           100%        3
 Teleport Other           Tloc           0%           100%        3
 Vampiric Draining        Necr           0%           100%        3
 Airstrike                Air            0%           100%        4
 Dispel Undead            Necr           0%           100%        4
 Excruciating Wounds      Necr           0%           100%        5
 Lightning Bolt           Conj/Air       0%           100%        5


Dungeon Overview and Level Annotations

Branches:
Dungeon (8/15)             Temple (1/1) D:7         Ossuary (visited)
   Lair: D:8-11

Altars:
Ashenzari
Cheibriados
Dithmenos
Elyvilon
Fedhas
Gozag
Hepliaklqana
Kikubaaqudgha
Makhleb
Nemelex Xobeh
Okawaru
Qazlal
Ru
Sif Muna
Trog
Uskayaw
Vehumet
Wu Jian
Xom
Yredelemnul
Zin
The Shining One

Shops:
D:4 =   D:8 [?=:

Annotations:
D:2 1 runed translucent door, Crazy Yiuf
D:6 3 runed translucent doors, Xoff's ghost, novice GnFi; emiel's ghost, weakling TrDe


Innate Abilities, Weirdness & Mutations

You have razor-sharp teeth.
Your natural rate of healing is unusually fast.
When hurt, damage is shared between your health and your magic reserves.
Your bite disrupts and absorbs the magic of your enemies.
Potions cannot restore your health.


Message History

The orc priest is no longer distracted by gold.
You barely miss the orc warrior. Your bite misses the orc warrior.
The orc warrior is severely wounded.
You block the orc warrior's attack.
You hit the orc warrior. Your bite misses the orc warrior.
The orc warrior is almost dead.
The orc wizard points at itself and mumbles some strange words.
The orc wizard flickers and vanishes!
Deactivating autopickup; reactivate with Ctrl-A.
The orc becomes distracted by the nearby gold, dreaming of imaginary riches.
The orc warrior hits you but does no damage.
Unknown command.
Unknown command.
You barely miss the orc warrior.
The orc warrior is almost dead.
The orc is no longer distracted by gold.
The orc priest invokes the aid of Beogh against you.
Beogh smites you!
You die...
Your body crumbles into a pile of gold.

### #... #############
##....#####o..........#
........@oo{h.........#
.#
##....#####oo.........#
.## ##..
##.....##..#### ... ...
#.o...+......> .# ...
#....>###..##. ..
o....o....# ##.# . .
......!...# #.##.
oo.........# #..#. ###
.P...#.....# ##.#.


You could see a warg, an orc warrior, 3 orc priests and an orc (unaware).

Vanquished Creatures
  An ugly thing (D:8)
  A yaktaur (shapeshifter) (D:8)
  A hornet (D:8)
  Grinder (D:4)
  A slime creature (D:8)
  Sigmund (D:2)
  A warg (D:8)
  A steam dragon (D:8)
  Edmund (D:3)
  Duvessa (D:7)
  2 water moccasins
  2 sky beasts
  An ice beast (D:5)
  3 ogres
  2 centaurs
  A big kobold (D:8)
  3 bullfrogs
  Dowan (D:7)
  2 scorpions
  8 wights
  An electric eel (D:8)
  A howler monkey (D:5)
  2 centaur zombies
  A bullfrog zombie (D:8)
  4 hounds
  A gnoll shaman (D:5)
  2 orc priests (D:3)
  3 iguanas
  7 worker ants
  5 orc wizards
  A hound skeleton (D:7)
  8 mummies (Ossuary)
  A worker ant zombie (D:8)
  4 gnolls (D:5)
  13 adders
  2 shadow imps (D:8)
  4 white imps
  2 oozes
  A worm zombie (D:6)
  2 adder zombies (D:6)
  2 adder skeletons
  4 worms
  3 dart slugs
  3 leopard geckos
  33 orcs
  14 giant cockroaches
  9 goblins
  16 hobgoblins
  12 jackals
  5 quokkas
  5 ball pythons
  4 bats
  8 frilled lizards
  A giant cockroach zombie (D:5)
  A gnoll zombie (Ossuary)
  4 hobgoblin zombies (Ossuary)
  2 jackal skeletons
  8 kobolds
  2 kobold zombies (Ossuary)
  2 leopard gecko skeletons (D:4)
  A leopard gecko zombie (D:6)
  An orc zombie (Ossuary)
  A quokka zombie (D:5)
  6 rats
247 creatures vanquished.

Vanquished Creatures (others)
  An orc (D:3)
  8 plants (D:8)
9 creatures vanquished.

Grand Total: 256 creatures vanquished

Notes
Turn   | Place    | Note
-------+----------+-------------------------------------------
     0 | D:1      | gruber the Vine Stalker Fighter began the quest for the
                  | Orb.
     0 | D:1      | Reached XP level 1. HP: 11/11 MP: 2/2
    54 | D:1      | Reached XP level 2. HP: 15/16 MP: 1/3
   276 | D:1      | Reached XP level 3. HP: 16/19 MP: 2/4
   639 | D:2      | Found a blossoming altar of Fedhas.
  1029 | D:2      | Gained mutation: Your natural rate of healing is unusually
                  | fast. [Vine Stalker growth]
  1029 | D:2      | Reached XP level 4. HP: 23/23 MP: 5/5
  1369 | D:2      | Found a glowing silver altar of Zin.
  1408 | D:2      | Noticed Sigmund
  1446 | D:2      | Killed Sigmund
  1447 | D:2      | Reached skill level 5 in Long Blades
  1447 | D:2      | Reached XP level 5. HP: 7/27 MP: 1/6
  1447 | D:2      | Reached XP level 6. HP: 9/32 MP: 1/7
  1570 | D:2      | Found a runed translucent door.
  1845 | D:2      | Noticed Crazy Yiuf
  2745 | D:3      | Reached XP level 7. HP: 22/35 MP: 8/8
  3164 | D:4      | Noticed Edmund
  3270 | D:3      | Killed Edmund
  3434 | D:4      | Noticed Grinder
  3436 | D:4      | Paralysed by Grinder for 7 turns
  3450 | D:4      | Killed Grinder
  3451 | D:4      | Reached skill level 5 in Armour
  3451 | D:4      | Gained mutation: You have razor-sharp teeth. [Vine Stalker
                  | growth]
  3451 | D:4      | Reached XP level 8. HP: 24/39 MP: 4/9
  3504 | D:4      | Found Lyasm's Jewellery Shop.
  3573 | D:4      | Reached skill level 3 in Shields
  4069 | D:5      | Entered Level 5 of the Dungeon
  4143 | D:5      | Reached skill level 4 in Shields
  4170 | D:5      | Reached skill level 5 in Shields
  4395 | D:5      | Reached skill level 6 in Shields
  4527 | D:5      | Reached XP level 9. HP: 33/43 MP: 10/10
  4955 | D:6      | Reached skill level 7 in Shields
  5300 | D:6      | Found a runed translucent gate.
  5301 | D:6      | Found a runed translucent gate.
  5302 | D:6      | Found a runed translucent gate.
  5303 | D:6      | Noticed Xoff's ghost (novice GnFi)
  5303 | D:6      | Noticed emiel's ghost (weakling TrDe)
  5323 | D:6      | You fall into a shaft and drop 1 floor!
  5514 | D:6      | Found a sand-covered staircase.
  5523 | Ossuary  | Entered an ossuary
  5820 | D:6      | Found a sparkling altar of Nemelex Xobeh.
  6037 | D:7      | Reached skill level 8 in Shields
  6080 | D:7      | Noticed Dowan
  6084 | D:7      | Noticed Duvessa
  6094 | D:7      | Reached skill level 1 in Dodging
  6106 | D:7      | Killed Duvessa
  6108 | D:7      | Killed Dowan
  6146 | D:7      | Found a staircase to the Ecumenical Temple.
  6165 | Temple   | Entered the Ecumenical Temple
  6170 | Temple   | Became a worshipper of Gozag Ym Sagoz the Greedy
  6893 | D:8      | Found Irghogebu's Book Shop.
  6899 | D:8      | Found Dagog's Magic Scroll Shop.
  6899 | D:8      | Found Tyrapt's Armour Shop.
  6900 | D:8      | Found Ysovidgh's Jewellery Shop.
  7006 | D:8      | Noticed a yaktaur
  7007 | D:8      | Noticed a cyan ugly thing
  7007 | D:8      | Noticed a hornet
  7037 | D:8      | Killed a cyan ugly thing
  7038 | D:8      | Reached skill level 5 in Dodging
  7038 | D:8      | Reached XP level 10. HP: 10/47 MP: 11/11
  7162 | D:8      | Identified the Collected Works on Stolen Souls and the
                  | Traveller
  7240 | D:8      | Reached skill level 5 in Fighting
  7855 | D:8      | HP: 1/51 [orc priest/divine providence (3)]
  7862 | D:8      | Killed from afar by an orc priest

Illustrated notes

Levels and vault maps discovered:
D:1:      heliophobic_arrival_glass_houses, layout_rooms, minmay_pentomino_p4
D:2:      minmay_skewed_foursquare, layout_basic, lemuel_round_altar,
          chequers_serial_rivers_small_3, fedhas_altar_2, uniq_sigmund,
          uniq_crazy_yiuf_cottage
D:3:      minmay_inner_zag, layout_rooms
D:4:      minmay_opposing_rooms, layout_loops_ring, serial_shops, shop,
          uniq_edmund, uniq_grinder
D:5:      layout_basic, minmay_misc_feat_more_columns
D:6:      layout_cave_pods, gammafunk_ghost_cemetery, enter_ossuary_3,
          nemelex_diamond_rough_becter
D:7:      layout_basic, minmay_temple_entry_slanted, uniq_duvessa
D:8:      nzn_winding_woodlands_cross [nzn_winding_woodlands_5x15_cabin,
          nzn_winding_woodlands_5x15_split_checker,
          nzn_winding_woodlands_5x15_longhouse,
          nzn_winding_woodlands_5x15_default,
          nzn_winding_woodlands_15x15_five_gardens], layout_basic,
          erik_lair_orcish_takeover, minmay_shop_grid_forest,
          chequers_serial_rivers_room_b, nrook_pool_corridor
Temple:   grunt_wide_crystal_templ

Skill      XL: |  1  2  3  4  5  6  7  8  9 10 |
---------------+-------------------------------+-----
Long Blades    | 2 3 5 6 7 |  7.1
Armour         | 5 |  5.0
Shields        | 6 8 |  8.0
Dodging        | 5 |  5.6
Fighting       | 5 |  5.5

Action                   |  1- 3 |  4- 6 |  7- 9 | 10-12 || total
-------------------------+-------+-------+-------+-------++-------
Melee: Long sword        |    86 |   175 |    24 |       ||   285
       Bite              |    27 |    65 |   188 |    34 ||   314
       Short sword       |       |    24 |       |       ||    24
       Dagger            |       |       |   358 |       ||   358
       Falchion          |       |       |   163 |   103 ||   266
Throw: Dart              |       |       |     1 |     2 ||     3
Invok: Potion Petition   |       |       |     1 |     1 ||     2
Evoke: Wand              |       |       |       |     1 ||     1
  Use: Potion            |       |     3 |     1 |       ||     4
       Scroll            |       |     4 |       |       ||     4
Armor: Scale mail        |    32 |    61 |    55 |       ||   148
       Skin              |       |     8 |       |       ||     8
       Chain mail        |       |       |   121 |    25 ||   146
Dodge: Dodged            |    34 |    54 |    83 |    28 ||   199
Block: Kite shield       |    40 |    92 |   223 |    41 ||   396
       Rpst.: Long sword |    13 |    13 |     2 |       ||    28
       Falchion          |       |       |     5 |     6 ||    11

Table legend: (Time is in decaauts)
 A = Elapsed time spent in this place.
 B = Non-inter-level travel time spent in this place.
 C = Inter-level travel time spent in this place.
 D = Time resting spent in this place.
 E = Time spent auto-exploring this place.
 F = Levels seen in this place.
 G = Mean time per level.
                   A        B        C        D        E       F      G
               +--------+--------+--------+--------+--------+-----+--------+
         Total |   7870 |   7607 |    263 |    103 |   5638 |  10 |  787.0 |
       Dungeon |   7610 |   7354 |    256 |    103 |   5473 |   8 |  951.2 |
        Temple |     44 |     38 |      6 |      0 |     33 |   1 |   44.0 |
       Ossuary |    215 |    215 |      0 |      0 |    132 |   1 |  215.0 |
               +--------+--------+--------+--------+--------+-----+--------+

Top non-repeatable levels by time:
     D:2: 1510 daAuts
     D:3: 980 daAuts
     D:4: 978 daAuts
     D:8: 970 daAuts
     D:7: 898 daAuts
     D:5: 858 daAuts
     D:6: 758 daAuts
     D:1: 656 daAuts
 Ossuary: 215 daAuts
  Temple: 44 daAuts
